 Dungeon Crawl Stone Soup version 0.31-a0-161-gb58dd9be76 (console) character file.

Game seed: 12881783055365988239

238910 jejorda2 the Fencer (level 18, -1/166 HPs)
             Began as a Pale Draconian Berserker on June 11, 2023.
             Was a High Priest of Trog.
             Killed from afar by a deep elf knight (16 damage)
             ... with a lance of force
             ... on level 2 of the Elven Halls on June 12, 2023.
             The game lasted 02:17:24 (40044 turns).

jejorda2 the Fencer (Pale Draconian Berserker)     Turns: 40044, Time: 02:17:25

Health: -1/166     AC: 18    Str: 27    XL:     18   Next: 57%
Magic:  6/18       EV: 18    Int: 10    God:    Trog [*****.]
Gold:   2272       SH: 15    Dex: 17    Spells: 17/17 levels left

rFire   + . .        a - +1 double sword (freeze)
rCold   + . .        Z - +1 kite shield {rC+ rF+}
rNeg    . . .        (body armour unavailable)
rPois   .            Y - +1 hat "Moufoqao" {Will+ Int+2}
rElec   .            F - +0 cloak
rCorr   .            N - +2 pair of gloves {infuse}
SInv    +            g - +2 pair of boots "Wazxaadgh" {Str+6}
Will    ++++.        L - amulet of regeneration
Stlth   +++          p - ring of see invisible
HPRegen 2.27/turn    j - +4 ring of slaying
MPRegen 0.16/turn

%: infuse magic (1 MP)
@: short of breath, strong-willed, regenerating
A: breathe steam, AC +10, unfitting armour, cold-blooded, steam resistance
}: 2/15 runes: decaying, serpentine
a: Breathe Steam, Renounce Religion, Berserk, Trog's Hand, Brothers in Arms


You were on level 2 of the Elven Halls.
You worshipped Trog.
Trog was extremely pleased with you.
You visited 6 branches of the dungeon, and saw 32 of its levels.

You collected 3052 gold pieces.
You spent 780 gold pieces at shops.

Inventory:

Hand Weapons
 a - a +1 double sword of freezing (weapon)
 b - a +3 scimitar of flaming
 w - the +8 trident of the Octopus King {venom, rElec rPois}
   (You took it off a kobold on level 7 of the Dungeon)

   rElec:     It insulates you from electricity.
   rPois:     It protects you from poison.
 W - a +2 antimagic scimitar
Missiles
 c - 11 boomerangs (quivered)
 r - 23 atropa-tipped darts
 y - 37 poisoned darts
 C - 12 curare-tipped darts
 G - 4 silver javelins
 I - 2 javelins
Armour
 g - the +2 pair of boots "Wazxaadgh" (worn) {Str+6}
   (You found it on level 3 of the Snake Pit)

   Str:       It affects your strength (+6).
 F - a +0 cloak (worn)
 N - a +2 pair of gloves of infusion (worn)
 Y - the +1 hat "Moufoqao" (worn) {Will+ Int+2}
   (You acquired it on level 2 of the Swamp)

   Int:       It affects your intelligence (+2).
   Will:      It increases your willpower.
 Z - a +1 kite shield of resistance (worn)
Jewellery
 d - a ring of protection from fire
 j - a +4 ring of slaying (right hand)
 m - a ring of ice
 n - a ring of poison resistance
 p - a ring of see invisible (left hand)
 L - an amulet of regeneration (around neck)
 U - a ring of resist corrosion
Wands
 x - a wand of flame (55)
 z - a wand of iceblast (23)
 A - a wand of polymorph (31)
 O - a wand of paralysis (9)
 Q - a wand of light (18)
 T - a wand of mindburst (23)
Scrolls
 e - 9 scrolls of teleportation
 f - a scroll of silence
 h - 2 scrolls of poison
 l - 2 scrolls of immolation
 u - 4 scrolls of fog
 E - 3 scrolls of blinking
 M - 2 scrolls of fear
 X - a scroll of revelation
Potions
 o - 2 potions of heal wounds
 q - a potion of might
 s - 7 potions of curing
 t - 3 potions of attraction
 v - 7 potions of mutation
 B - 3 potions of ambrosia
 J - 2 potions of enlightenment
 P - a potion of resistance
 R - 2 potions of cancellation
 S - 2 potions of invisibility
Miscellaneous
 i - a lightning rod (4/4)
 k - a sack of spiders
 H - a phial of floods
 K - a condenser vane


   Skills:
 - Level 16.0 Fighting
 - Level 16.0 Long Blades
 - Level 16.0 Throwing
 * Level 11.1 Dodging
 - Level 6.0 Stealth
 - Level 16.0 Shields
 + Level 8.2 Evocations


You had 17 spell levels left.
You didn't know any spells.
Your spell library was empty.

Dungeon Overview and Level Annotations

Branches:
Dungeon (15/15)            Temple (0/1) D:7            Lair (5/5) D:10
  Swamp (4/4) Lair:2        Snake (4/4) Lair:2        Slime (0/5) Lair:5
    Orc (2/2) D:12            Elf (2/3) Orc:2        Vaults (0/5) D:13
 Depths (0/4) D:15

Altars:
Ashenzari
Dithmenos
Elyvilon
Fedhas
Gozag
Hepliaklqana
Kikubaaqudgha
Makhleb
Okawaru
Sif Muna
Trog
Vehumet
Zin
The Shining One
Jiyva

Shops:
D:13 !   D:14 (   Orc:1 (   Orc:2 *[:(   Elf:1 (=*   Snake:3 ?*[??   Snake:4 (

Annotations:
Swamp:3 2 transporters, Xonepos's ghost, adept MiFi


Innate Abilities, Weirdness & Mutations

You can breathe blasts of scalding, opaque steam.
Your pale cyan-grey scales are hard. (AC +10)
You cannot fit into any form of body armour.
You are cold-blooded and may be slowed by cold attacks.
You are immune to the effects of steam.


Message History

A lance of force appears from out of thin air!
The lance of force hits you!
* * * LOW HITPOINT WARNING * * *
You are knocked back by the lance of force.
Your skin crawls.
You feel strong-willed. Something hits you!
* * * LOW HITPOINT WARNING * * *
You're wearing all the rings you can.
Remove which one? (? for menu, Esc to cancel) < or
n - a ring of poison resistance; > or
j - a +4 ring of slaying You remove your ring of poison resistance.
Reactivating autopickup.
p - a ring of see invisible (left hand)
You block the deep elf knight's attack.
Press: ? - help, v - describe, . - travel
Here: a deep elf knight, wielding a +0 scimitar, wearing a +1 scale mail of positive energy and wearing a +2 buckler (severely wounded, fast, slightly transparent)
The floor, spattered with blood.
Unknown command.
Unknown command.
Throw: throwing net
Press: ? - help, Shift-Dir - straight line, f - deep elf knight
Aim: a deep elf knight, wielding a +0 scimitar, wearing a +1 scale mail of positive energy and wearing a +2 buckler (severely wounded, fast, slightly transparent, 63% to hit)
You throw a throwing net.
The throwing net barely misses the deep elf knight.
The deep elf knight hits you but does no damage.
The deep elf knight blocks your attack.
The deep elf knight is severely wounded.
The deep elf knight barely misses you.
You closely miss the deep elf knight.
The deep elf knight is severely wounded.
The deep elf knight points at you and mumbles some strange words.
The shard of ice misses you.
The deep elf knight hits you with a +0 scimitar!
* * * LOW HITPOINT WARNING * * *
The deep elf knight blocks your attack. x2
The deep elf knight is severely wounded.
The deep elf knight gestures at you while chanting.
The lance of force hits you!
You die...

......................
.......................
..............)........
#.....................
#............))......
#.............#......
#....)[.....###.....
##...)......## #....
##...@.)......# ....
.#.....e........ ...
................. ..
....##.).##...##. ...
##.## #.## ## ### ##


You could see a deep elf knight (fast, invisible).

Vanquished Creatures
  Mara (Snake:2)
  Rupert (D:15)
  Jorgrun (D:15)
  3 thorn hunters (Swamp:2)
  Donald (Snake:1)
  A fenstrider witch (Swamp:3)
  4 nagarajas (Snake:4)
  A deep elf sorcerer (Elf:2)
  2 orc warlords
  4 eleionomae
  4 bunyips
  Snorg (Orc:1)
  An ettin (D:15)
  5 shambling mangroves
  21 hydras
  4 salamander tyrants
  A catoblepas (Lair:1)
  Erolcha (D:12)
  A spriggan air mage (Swamp:4)
  3 anacondas
  2 ghost crabs
  Erica (D:8)
  3 boulder beetles
  2 two-headed ogres
  8 alligators
  7 naga warriors
  18 dancing weapons
  16 death yaks
  2 tengu warriors
  2 orc high priests (Orc:2)
  11 naga sharpshooters
  8 shock serpents
  7 deep elf knights
  Sonja (Orc:1)
  2 fire crabs (Lair:5)
  4 goliath frogs
  7 sea snakes
  2 salamander mystics (Snake:4)
  A deep troll (D:15)
  13 swamp dragons
  3 bog bodies (Swamp:3)
  13 slime creatures
  A death drake (Swamp:2)
  A wizard (D:15)
  4 spriggan druids
  An obsidian statue (Snake:3)
  4 naga ritualists
  8 deep elf archers
  A lindwurm (D:13)
  3 orc knights
  4 mana vipers
  15 deep elf zephyrmancers
  A necromancer (D:15)
  8 orc sorcerers
  13 deep elf pyromancers
  8 ugly things (D:14)
  2 manticores
  9 cyclopes
  2 oklob plants (Swamp:2)
  20 elephants
  11 salamanders
  Maurice (Orc:1)
  5 will-o-the-wisps
  18 naga magi
  29 black mambas
  3 guardian serpents
  An elephant (shapeshifter) (D:13)
  2 torpor snails (Lair:5)
  3 gargoyles
  22 cane toads
  12 komodo dragons
  4 efreet
  A freezing wraith (D:13)
  A kobold demonologist (D:12)
  5 rime drakes
  A tengu conjurer (D:15)
  3 meliai (D:15)
  2 trolls
  9 tyrant leeches
  Prince Ribbit (D:9)
  9 polar bears
  10 hornets
  21 blink frogs
  2 air elementals (Elf:2)
  A jumping spider (shapeshifter) (D:13)
  A water elemental (Elf:1)
  5 wraiths
  6 spriggans
  3 wyverns
  A vampire (D:13)
  40 yaks
  3 basilisks
  2 fire elementals
  A steam dragon (D:6)
  38 nagas
  16 vampire mosquitoes
  3 wargs
  2 acid dragons
  2 swamp worms
  16 water moccasins
  9 swamp drakes
  27 orc warriors
  4 ice beasts
  2 sky beasts
  5 ogres
  15 black bears
  12 wolves
  4 centaurs
  11 kobold brigands
  4 earth elementals
  25 bullfrogs
  A gnoll sergeant (D:7)
  8 scorpions
  14 wights
  4 killer bees (D:9)
  5 howler monkeys
  4 electric eels
  3 lava snakes (Lair:2)
  3 jellies
  A gnoll bouda (D:4)
  4 hounds
  12 orc priests
  Crazy Yiuf (D:7)
  A sleepcap (D:6)
  6 iguanas
  12 orc wizards
  9 hell rats
  8 gnolls
  11 adders
  A white imp (D:7)
  2 worms
  The ghost of rinse the Sneak, a weakling KoDe (D:6)
  3 dart slugs
  49 orcs
  6 ball pythons
  6 endoplasms
  A giant cockroach (D:3)
  11 goblins
  8 hobgoblins
  9 jackals
  3 quokkas
  6 bats
  2 frilled lizards
  11 kobolds
  13 rats
972 creatures vanquished.

Vanquished Creatures (collateral kills)
  2 death yaks (Lair:2)
  A dancing weapon (Elf:1)
  A deep elf knight (Elf:1)
  A guardian serpent (Snake:3)
  A black mamba (Snake:3)
  A naga (Snake:3)
  2 orc warriors (Orc:2)
  An orc wizard (Orc:2)
  2 orcs (Orc:2)
12 creatures vanquished.

Vanquished Creatures (others)
  A deep elf zephyrmancer (Elf:1)
  A will-o-the-wisp (Swamp:3)
  A bloated husk (Swamp:3)
  2 nagas
  A swamp worm (Swamp:3)
  38 foxfires
44 creatures vanquished.

Grand Total: 1028 creatures vanquished

Notes
Turn   | Place    | Note
-------+----------+-------------------------------------------
     0 | D:1      | jejorda2 the Draconian Berserker began the quest for the
                  | Orb.
     0 | D:1      | Reached XP level 1. HP: 19/19 MP: 1/1
   214 | D:1      | Reached XP level 2. HP: 23/26 MP: 2/2
   247 | D:1      | Found a faded altar of an unknown god.
   759 | D:2      | Reached XP level 3. HP: 33/33 MP: 3/3
  1006 | D:2      | Reached ** piety under Trog
  1535 | D:3      | Reached XP level 4. HP: 38/40 MP: 4/4
  2350 | D:4      | Reached skill level 5 in Long Blades
  2350 | D:4      | Reached XP level 5. HP: 36/47 MP: 5/5
  2570 | D:4      | HP: 3/70 [gnoll bouda/+0 club (8)]
  2931 | D:5      | Entered Level 5 of the Dungeon
  3057 | D:5      | Found a burning altar of Makhleb.
  3109 | D:5      | Reached skill level 5 in Fighting
  3176 | D:5      | Reached XP level 6. HP: 56/56 MP: 6/6
  3228 | D:5      | Noticed a water moccasin
  3239 | D:5      | Killed a water moccasin
  3248 | D:5      | Your scales start taking on a pale cyan-grey colour.
  3248 | D:5      | Reached XP level 7. HP: 50/62 MP: 7/7
  3248 | D:5      | Gained mutation: You are immune to the effects of steam.
                  | [Pale Draconian growth]
  3676 | D:5      | Found an iron altar of Okawaru.
  3679 | D:5      | Found a glowing golden altar of the Shining One.
  3679 | D:5      | Found a hazy altar of Hepliaklqana.
  3688 | D:5      | Found an ancient bone altar of Kikubaaqudgha.
  3691 | D:5      | Found a radiant altar of Vehumet.
  4098 | D:6      | Reached *** piety under Trog
  4099 | D:6      | Reached skill level 1 in Throwing
  4204 | D:6      | Reached XP level 8. HP: 63/70 MP: 8/8
  4324 | D:6      | Found a glowing silver altar of Zin.
  4814 | D:6      | Noticed rinse's ghost (weakling KoDe)
  4815 | D:6      | Found a runed translucent gate.
  4815 | D:6      | Found a runed translucent gate.
  4815 | D:6      | Found a runed translucent gate.
  4863 | D:6      | Found a white marble altar of Elyvilon.
  4918 | D:6      | Found a broken altar of Ashenzari.
  4922 | D:6      | Saw a vision of the Swamp and the Snake Pit.
  4922 | D:6      | Noticed a spriggan druid
  4922 | D:6      | Noticed a will-o-the-wisp
  4922 | D:6      | Noticed a fenstrider witch
  4922 | D:6      | Noticed a black mamba
  4922 | D:6      | Noticed a black mamba
  4923 | D:6      | Noticed a naga warrior
  5026 | D:6      | Killed rinse's ghost
  5055 | D:6      | Reached skill level 10 in Long Blades
  5084 | D:6      | Reached XP level 9. HP: 29/70 MP: 9/9
  5719 | D:7      | Found a staircase to the Ecumenical Temple.
  5798 | D:7      | Reached skill level 5 in Throwing
  5798 | D:7      | Reached skill level 1 in Shields
  6012 | D:7      | Found a runed translucent door.
  6013 | D:7      | Noticed Crazy Yiuf
  6022 | D:7      | Killed Crazy Yiuf
  6447 | D:8      | Noticed Erica
  6460 | D:8      | Killed Erica
  6753 | D:8      | Found an opulent altar of Gozag.
  6861 | D:8      | Reached XP level 10. HP: 83/83 MP: 10/10
  7102 | D:8      | Noticed a two-headed ogre
  7107 | D:8      | Killed a two-headed ogre
  7108 | D:8      | Reached skill level 5 in Shields
  7230 | D:9      | Noticed Prince Ribbit
  7263 | D:9      | Killed Prince Ribbit
  8147 | D:9      | Reached **** piety under Trog
  8349 | D:10     | Entered Level 10 of the Dungeon
  8472 | D:10     | Found a blossoming altar of Fedhas.
  8648 | D:10     | Found a staircase to the Lair.
  8654 | D:10     | Reached XP level 11. HP: 69/89 MP: 11/11
  8680 | D:10     | Noticed a two-headed ogre
  8687 | D:10     | Killed a two-headed ogre
  9464 | D:11     | Noticed a deep elf pyromancer
  9470 | D:11     | Killed a deep elf pyromancer
  9600 | D:11     | Reached skill level 10 in Shields
 10121 | D:12     | Noticed a boulder beetle
 10161 | D:11     | Killed a boulder beetle
 10544 | D:12     | Reached skill level 1 in Stealth
 10544 | D:12     | Reached skill level 1 in Evocations
 10755 | D:12     | HP: 4/136 [slime creature (15)]
 10992 | D:12     | Reached XP level 12. HP: 86/97 MP: 12/12
 11018 | D:12     | Noticed Erolcha
 11030 | D:12     | Killed Erolcha
 11183 | D:12     | Found a staircase to the Orcish Mines.
 11427 | Lair:1   | Entered Level 1 of the Lair of Beasts
 11461 | Lair:1   | Noticed a catoblepas
 11486 | Lair:1   | Killed a catoblepas
 12229 | Lair:1   | Reached skill level 5 in Evocations
 12357 | Lair:1   | Reached skill level 5 in Stealth
 12932 | Lair:2   | Noticed a four-headed hydra
 12932 | Lair:2   | Found a staircase to the Swamp.
 13014 | Lair:2   | Noticed an eight-headed hydra
 13025 | Lair:2   | Killed a four-headed hydra
 13138 | Lair:2   | Reached ***** piety under Trog
 13718 | Lair:2   | Killed a one-headed hydra
 13840 | Lair:2   | Noticed a death yak
 13944 | Lair:2   | Noticed a death yak
 13946 | Lair:2   | Noticed a death yak
 13957 | Lair:2   | Killed a death yak
 13967 | Lair:2   | Killed a death yak
 13968 | Lair:2   | Reached XP level 13. HP: 34/111 MP: 13/13
 14184 | Lair:2   | Found a staircase to the Snake Pit.
 14840 | Lair:3   | Reached skill level 10 in Fighting
 15005 | Lair:3   | Reached skill level 5 in Dodging
 16468 | Lair:5   | Entered Level 5 of the Lair of Beasts
 16543 | Lair:5   | Found a staircase to the Slime Pits.
 16543 | Lair:5   | Found a viscous altar of Jiyva.
 16928 | Lair:5   | Reached XP level 14. HP: 123/124 MP: 14/14
 16930 | Lair:5   | Received a gift from Trog
 17845 | Lair:5   | Reached skill level 10 in Throwing
 18759 | Lair:5   | Identified the ring "Bacoatopn" {rN+ Str+3}
 19758 | D:13     | Found Visehu's Distillery.
 19787 | D:13     | Reached XP level 15. HP: 108/132 MP: 11/15
 20063 | D:13     | Found a gate to the Vaults.
 20559 | D:14     | Found Vyakh's Antique Weapon Shoppe.
 20567 | D:14     | Bought a glowing double sword for 630 gold pieces
 20611 | D:15     | Entered Level 15 of the Dungeon
 20736 | D:14     | You fall into a shaft and drop 1 floor!
 20764 | D:15     | Noticed Rupert
 20774 | D:15     | Noticed Jorgrun
 21251 | D:14     | Found a shadowy altar of Dithmenos.
 21683 | D:15     | Killed Jorgrun
 22095 | D:15     | Killed Rupert
 22096 | D:15     | Reached skill level 15 in Long Blades
 22245 | D:15     | Found a staircase to the Depths.
 22416 | D:15     | Found a staircase to the Depths.
 22885 | Orc:1    | Entered Level 1 of the Orcish Mines
 22898 | Orc:1    | Noticed Sonja
 22907 | Orc:1    | Killed Sonja
 23035 | Orc:1    | Noticed Snorg
 23051 | Orc:1    | Killed Snorg
 23193 | Orc:1    | Found Darelusm's Weapon Boutique.
 23194 | Orc:1    | Noticed Maurice
 23210 | Orc:1    | Killed Maurice
 23399 | Orc:2    | Entered Level 2 of the Orcish Mines
 23710 | Orc:2    | Found Veomp's Book Boutique.
 23896 | Orc:2    | Received a gift from Trog
 24097 | Orc:2    | Paralysed by an orc sorcerer for 2 turns
 24252 | Orc:2    | Found Poevodoupi's Antique Armour Boutique.
 24426 | Orc:2    | Found Lirasap's Antique Weapon Boutique.
 24487 | Orc:2    | Found a staircase to the Elven Halls.
 24765 | Orc:2    | Found Enixt's General Store.
 25045 | Snake:1  | Entered Level 1 of the Snake Pit
 25190 | Snake:1  | Received a gift from Trog
 25827 | Snake:1  | Noticed Donald
 25841 | Snake:1  | Killed Donald
 26225 | Snake:2  | Reached XP level 16. HP: 44/141 MP: 5/16
 27227 | Snake:3  | Found Fyewoniy's Magic Scroll Boutique.
 27234 | Snake:3  | Noticed Mara
 27337 | Snake:3  | Noticed jejorda2's illusion
 27346 | Snake:2  | Noticed jejorda2's illusion
 27480 | Swamp:1  | Entered Level 1 of the Swamp
 28264 | Swamp:2  | Noticed a thorn hunter
 28279 | Swamp:2  | Killed a thorn hunter
 28279 | Swamp:2  | Received a gift from Trog
 28307 | Swamp:2  | Noticed a thorn hunter
 28318 | Swamp:2  | Killed a thorn hunter
 28500 | Swamp:2  | Noticed a thorn hunter
 28521 | Swamp:2  | Killed a thorn hunter
 28707 | Swamp:2  | Identified a scroll of acquirement
 28707 | Swamp:2  | Acquired the +1 hat "Moufoqao" {Will+ Int+2}
 29451 | Swamp:3  | Found a transporter.
 29452 | Swamp:3  | Found a bloodstained altar of Trog.
 29468 | Swamp:3  | Noticed Xonepos's ghost (adept MiFi)
 29696 | Swamp:3  | Found a transporter.
 29793 | Swamp:3  | Reached skill level 15 in Fighting
 30135 | Swamp:3  | Paralysed by a fenstrider witch for 3 turns
 30479 | Swamp:3  | Upgraded the game from 0.31-a0-154-g56bf346678 to
                  | 0.31-a0-161-gb58dd9be76
 30494 | Swamp:4  | Entered Level 4 of the Swamp
 30980 | Swamp:4  | Reached XP level 17. HP: 132/156 MP: 9/17
 31537 | Swamp:4  | Reached skill level 15 in Throwing
 31876 | Swamp:4  | Got a decaying rune of Zot
 32383 | Orc:2    | Bought a runed dagger for 150 gold pieces
 32751 | Snake:2  | Killed Mara
 32797 | Snake:3  | Found Angocvai's Magic Scroll Shoppe.
 32799 | Snake:3  | Found Etoistrif's Antique Armour Shop.
 32801 | Snake:3  | Found Nulah's Assorted Antiques.
 32801 | Snake:3  | Found Xaruefor's Magic Scroll Shoppe.
 33013 | Snake:3  | Found a transporter.
 33233 | Snake:3  | Identified the amulet of Xelyss {Spirit Str+5}
 33252 | Snake:3  | Found a transporter.
 33931 | Snake:4  | Entered Level 4 of the Snake Pit
 34902 | Snake:4  | Found Zukiesur's Weapon Emporium.
 36059 | Snake:4  | Reached skill level 15 in Shields
 36675 | Snake:4  | Got a serpentine rune of Zot
 36833 | Snake:3  | Reached XP level 18. HP: 166/166 MP: 16/18
 36865 | Snake:3  | Identified the +2 pair of boots "Wazxaadgh" {Str+6}
 37197 | Elf:1    | Entered Level 1 of the Elven Halls
 37953 | Elf:1    | Found an ancient bone altar of Kikubaaqudgha.
 38180 | Elf:1    | HP: 2/166 [deep elf zephyrmancer/bolt of lightning (26)]
 38326 | Elf:1    | Found Gint's General Store.
 38326 | Elf:1    | Found Iwnivuib's Jewellery Emporium.
 38378 | Elf:1    | Received a gift from Trog
 38566 | Elf:1    | Found Zitofog's Antique Weapon Shoppe.
 39027 | Elf:2    | Paralysed by an air elemental for 1 turns
 39131 | Elf:2    | Found a shimmering blue altar of Sif Muna.
 39133 | Elf:2    | Reached skill level 10 in Dodging
 39222 | Elf:2    | Paralysed by an air elemental for 1 turns
 39668 | Elf:2    | Found a runed translucent gate.
 39668 | Elf:2    | Found a runed translucent gate.
 39668 | Elf:2    | Found a runed translucent gate.
 39878 | Elf:2    | Received a gift from Trog
 40044 | Elf:2    | Killed from afar by a deep elf knight

Illustrated notes

Levels and vault maps discovered:
D:1:      psy_arrival_fountain, layout_rooms, basic_ecumenical_altar,
          serial_bayou_lake_a
D:2:      layout_rooms, grunt_decor_clamped, minmay_rat_gold_closets
D:3:      layout_loops_ring, grunt_decor_arrowhead
D:4:      layout_rooms, grunt_ministairs_11
D:5:      layout_basic, mainiacjoe_overflow_cross_hatched,
          minmay_overflow_temple_star_hex
D:6:      layout_loops_ring, zin_academy, grunt_ashenzari_visionary
          [grunt_ashenzari_visionary_swamp, grunt_ashenzari_visionary_snake],
          mainiacjoe_overflow_brackets, gammafunk_ghost_nasty_kobolds,
          minmay_misc_feat_cross, kennysheep_generic_room_4
D:7:      layout_basic, minmay_temple_entry_from_below_a,
          small_statue_intersection, lightli_orcish_oven,
          uniq_crazy_yiuf_cottage
D:8:      layout_loops_ring, mainiacjoe_overflow_24_doors, uniq_erica
D:9:      layout_basic, grunt_ministairs_5, uniq_prince_ribbit1
D:10:     layout_stronghold, mainiacjoe_overflow_alcove_4,
          hellmonk_lair_entry_icy
D:11:     minmay_spotlight, layout_irregular_city
D:12:     layout_cave_pools, erik_orc_1, serial_bayou_pond_b, uniq_erolcha
D:13:     layout_cave_pools, david_vaults_4, serial_shops, shop,
          minmay_misc_feat_square
D:14:     layout_basic, serial_shops, shop, nicolae_dithmenos_the_darkroom,
          st_stairs_2
D:15:     hangedman_depths_entry_civil_slaughter, layout_basic,
          dreamdust_princess_corridor, uniq_rupert, uniq_jorgrun
Lair:1:   beast_lair_carwin_large_4, layout_cave_pods,
          pdpol_lair_neglected_garden
Lair:2:   layout_small_grid, swamp_mist, nicolae_snake_entry_warm_welcome
Lair:3:   layout_chaotic_city, serial_bayou_shore_b, grunt_megastairs_1
Lair:4:   layout_misc_corridors, grunt_megastairs_4, lemuel_fruit_fields
Lair:5:   minmay_lair_end_frog_pond, layout_gridlike, slime_entry_1,
          bh_autumn_forest_stairs, nicolae_lair_lakeside_cave
Swamp:1:  layout_falls_marsh, infiniplex_staircase_pool_2
Swamp:2:  nicolae_swamp_phyte_club, layout_basic_swamp, serial_swamp_ruin,
          evilmike_swamp_ruin_rubble_2, hangedman_swamp_ruin_wall,
          evilmike_swamp_ruin_house_5
Swamp:3:  layout_basic_swamp, gammafunk_ghost_wrathful_warriors,
          hangedman_swamp_blocks, nicolae_swamp_spooky_pond
Swamp:4:  swamp, layout_basic_swamp, swamp_pool4
Snake:1:  layout_basic, serial_bayou_shore_a, uniq_donald
Snake:2:  layout_misc_corridors
Snake:3:  gammafunk_sealed_arena, layout_grid_shapes, nicolae_wooded_promenade,
          grunt_ministairs_1, hangedman_snake_pattern, uniq_mara
Snake:4:  minmay_snake_end_coiled, layout_basic, serial_shops,
          nicolae_shop_getting_attention, serial_bayou_ford_a,
          serial_bayou_pond_a, serial_bayou_crossing
Orc:1:    layout_caves, serial_shops, shop, uniq_maurice, uniq_snorg, uniq_sonja
Orc:2:    grunt_orc_gardens, layout_caves, grunt_orc_garden, grunt_orc_garden,
          grunt_orc_garden, grunt_orc_garden
Elf:1:    layout_gridlike, basic_altar, serial_shops,
          nicolae_shop_temple_entry_statues_fountains, minivault_28,
          minmay_shoptagon
Elf:2:    elven_hall_of_blades_hangedman_original [grunt_blade_entry_basic],
          layout_geoelf_octagon, basic_altar

Skill      XL: |  1  2  3  4  5  6  7  8  9 10 11 12 13 14 15 16 17 18 |
---------------+-------------------------------------------------------+-----
Long Blades    | 4 5 6 8 10 11 12 13 14 16 | 16.0
Fighting       | 4 5 6 9 11 12 15 16 | 16.0
Throwing       | 2 4 6 8 11 12 14 16 | 16.0
Shields        | 4 8 11 12 15 16 | 16.0
Stealth        | 2 6 |  6.0
Evocations     | 2 6 8 |  8.2
Dodging        | 3 6 9 11 | 11.1

Action                     |  1- 3 |  4- 6 |  7- 9 | 10-12 | 13-15 | 16-18 || total
---------------------------+-------+-------+-------+-------+-------+-------++-------
  Melee: Falchion          |   155 |   181 |   236 |       |       |       ||   572
         Tailslap          |    10 |    28 |    33 |    89 |   271 |   260 ||   691
         Punch             |     2 |     1 |     2 |       |       |       ||     5
         Long sword        |       |       |    30 |       |       |       ||    30
         Scimitar          |       |       |    21 |   572 |   921 |    67 ||  1581
         Double sword      |       |       |       |       |   470 |  1225 ||  1695
         Trident           |       |       |       |       |    14 |    46 ||    60
  Throw: Stone             |       |     3 |    12 |    26 |    19 |       ||    60
         Dart              |       |       |       |     4 |    32 |     2 ||    38
         Boomerang         |       |       |       |       |       |    80 ||    80
         Throwing net      |       |       |       |       |       |     1 ||     1
 Invoke: Berserk           |     2 |     5 |     5 |    12 |    19 |    21 ||    64
         Trog's Hand       |       |     1 |     3 |     6 |    12 |    15 ||    37
         Brothers in Arms  |       |       |       |     1 |     4 |     4 ||     9
Ability: Breathe Steam     |       |       |    15 |    34 |    30 |    19 ||    98
  Evoke: Wand              |       |       |     5 |       |       |     1 ||     6
         Phial of floods   |       |       |       |       |     1 |     2 ||     3
         Condenser vane    |       |       |       |       |       |     1 ||     1
    Use: Potion            |       |       |     1 |     1 |       |    12 ||    14
         Scroll            |       |       |    13 |     7 |    10 |     7 ||    37
   Stab: Sleeping          |     2 |     4 |       |     5 |    11 |     6 ||    28
         Distracted        |       |       |       |       |     6 |     5 ||    11
         Paralysed         |       |       |       |       |       |     3 ||     3
         Confused          |       |       |       |       |       |     1 ||     1
 Armour: Skin              |    57 |    61 |    65 |   167 |   339 |   294 ||   983
  Dodge: Dodged            |   126 |   150 |   137 |   229 |   672 |   553 ||  1867
  Block: Kite shield       |       |       |    24 |   276 |   753 |   593 ||  1646
         Reflection        |       |       |       |       |       |    24 ||    24
         Tower shield      |       |       |       |       |       |   198 ||   198

Table legend: (Time is in decaauts)
 A = Elapsed time spent in this place.
 B = Non-inter-level travel time spent in this place.
 C = Inter-level travel time spent in this place.
 D = Time resting spent in this place.
 E = Time spent auto-exploring this place.
 F = Levels seen in this place.
 G = Mean time per level.
                   A        B        C        D        E       F      G
               +--------+--------+--------+--------+--------+-----+--------+
         Total |  40231 |  37196 |   3035 |   4339 |  24787 |  32 | 1257.2 |
       Dungeon |  15957 |  14517 |   1440 |   1204 |  10703 |  15 | 1063.8 |
          Lair |   7872 |   7348 |    524 |    451 |   5104 |   5 | 1574.4 |
         Swamp |   4930 |   4726 |    204 |   1177 |   2494 |   4 | 1232.5 |
     Snake Pit |   6845 |   6359 |    486 |   1162 |   3597 |   4 | 1711.2 |
  Orcish Mines |   2243 |   1924 |    319 |    308 |   1152 |   2 | 1121.5 |
   Elven Halls |   2382 |   2322 |     60 |     34 |   1734 |   2 | 1191.0 |
               +--------+--------+--------+--------+--------+-----+--------+

Top non-repeatable levels by time:
 Snake:4: 2812 daAuts
  Lair:5: 2033 daAuts
  Lair:2: 1756 daAuts
 Swamp:2: 1669 daAuts
  Lair:1: 1658 daAuts
    D:12: 1617 daAuts
 Snake:3: 1556 daAuts
   Elf:1: 1452 daAuts
 Snake:1: 1425 daAuts
  Lair:4: 1363 daAuts
    D:14: 1350 daAuts
 Swamp:3: 1338 daAuts
   Orc:2: 1326 daAuts
 Swamp:4: 1269 daAuts
     D:6: 1258 daAuts
